 Dungeon Crawl Stone Soup version 0.23.1 (webtiles) character file.

Game seed: 15827891162873766804

102 Borgoz the Sneak (level 4, -5/25 HPs)
             Began as a Gargoyle Enchanter on Mar 9, 2019.
             Killed from afar by an orc wizard (7 damage)
             ... with a magic dart
             ... on level 3 of the Dungeon.
             The game lasted 00:03:25 (2449 turns).

Borgoz the Sneak (Gargoyle Enchanter)               Turns: 2449, Time: 00:03:26

Health: -5/25      AC:  6    Str: 11    XL:     4   Next: 78%
Magic:  5/7        EV: 12    Int: 16    God:
Gold:   39         SH:  0    Dex: 11    Spells: 1/7 levels left

rFire    . . .     SeeInvis .   a - +1 dagger
rCold    . . .     Gourm    .   (no shield)
rNeg     + . .     Faith    .   b - +0 robe
rPois    ∞         Spirit   .   h - +0 helmet
rElec    +         Reflect  .   (no cloak)
rCorr    .         Harm     .   (no gloves)
MR       .....                  (no boots)
Stlth    ++........             (no amulet)
HPRegen  0.08/turn              (no ring)
MPRegen  0.10/turn              (no ring)

@: slowed, very slow
A: negative energy resistance 1, electricity resistance, unbreathing,
petrification resistance, rot immunity, AC +3
a: no special abilities


You were on level 3 of the Dungeon.
You were very hungry.

You visited 1 branch of the dungeon, and saw 3 of its levels.

You collected 39 gold pieces.

Inventory:

Hand Weapons
 a - a +1 dagger (weapon)
Armour
 b - a +0 robe (worn)
 h - a +0 helmet (worn)
Jewellery
 l - a +3 ring of dexterity {unknown}
Scrolls
 f - a scroll of fear {unknown}
 i - a scroll of identify {unknown}
 j - 2 scrolls of remove curse {unknown}
 n - a scroll of noise {unknown}
Potions
 c - a potion of degeneration {unknown}
 e - a potion of cancellation {unknown}
 g - a potion of lignification {unknown}
 k - a potion of magic {unknown}
 m - a potion of curing {unknown}
Comestibles
 d - 7 rations


   Skills:
 + Level 1.2 Fighting
 * Level 1.9 Short Blades
 + Level 1.1 Armour
 * Level 2.3 Dodging
 + Level 3.8 Stealth
 + Level 2.2 Spellcasting
 + Level 3.0 Hexes


You had one spell level left.
You knew the following spells:

 Your Spells              Type           Power        Failure   Level  Hunger
a - Corona                Hex            ##.....      6%          1    #......
b - Ensorcelled Hibernat  Hex/Ice        #.....       17%         2    ###....
c - Confuse               Hex            ##......     17%         3    ###....

Your spell library contained the following spells:

 Spells                   Type           Power        Failure   Level  Hunger
 Tukima's Dance           Hex            ##......     17%         3    ###....
 Dazzling Spray           Conj/Hex       #.....       32%         3    ###....


Dungeon Overview and Level Annotations

Branches:
Dungeon (3/15)

Altars:


Innate Abilities, Weirdness & Mutations

You are resistant to torment.
Your stone body is resilient. (AC +3)
You are immune to poison.
You resist negative energy. (rN+)
You are resistant to electric shocks. (rElec)
You can survive without breathing.
You are immune to petrification.
You are immune to rotting.


Message History

The orc wizard is heavily wounded.
The orc wizard hits you but does no damage.
You hit the orc wizard.
The orc wizard is severely wounded.
The orc wizard hits you with a +0 dagger.
* * * LOW HITPOINT WARNING * * *
The orc wizard hits you but does no damage.
You hit the orc wizard.
The orc wizard is almost dead.
The orc wizard hits you but does no damage.
You hit the orc wizard.
The orc wizard is almost dead.
The orc wizard hits you but does no damage.
The orc wizard hits you with a +0 dagger.
* * * LOW HITPOINT WARNING * * *
You barely miss the orc wizard.
The orc wizard is almost dead.
The orc wizard casts a spell at you. The magic dart hits you!
You die...

#.......# #....
#..#.#..######...
#................
##..##..#..##..#.#
#..##..###..##...#
#.###.. #..###.'#
#.# #.# ##.# #...
#.# ## ## #...
#@## ##... #o.#
#.... #..# #....
#...# #.....
#.#..# #......
#.#...# #..#....
#.#.#... ..###...
#.#.###.. ##'#
#.... .## #.


You could see an orc wizard.

Vanquished Creatures
  Robin (D:1)
  4 adders
  A worm (D:2)
  A dart slug (D:1)
  A leopard gecko (D:2)
  4 orcs (D:3)
  A ball python (D:1)
  3 giant cockroaches
  10 goblins
  4 hobgoblins
  A kobold (D:1)
  7 bats
  4 frilled lizards
  3 rats
45 creatures vanquished.

Notes
Turn   | Place    | Note
-------+----------+-------------------------------------------
     0 | D:1      | Borgoz the Gargoyle Enchanter began the quest for the Orb.
     0 | D:1      | Reached XP level 1. HP: 10/10 MP: 3/3
    22 | D:1      | Reached skill level 1 in Short Blades
   221 | D:1      | Reached XP level 2. HP: 15/15 MP: 5/5
   615 | D:1      | Reached XP level 3. HP: 5/20 MP: 6/6
   857 | D:1      | Learned a level 2 spell: Ensorcelled Hibernation
   861 | D:1      | Learned a level 3 spell: Confuse
   880 | D:2      | Noticed Robin
  1131 | D:1      | Killed Robin
  1388 | D:2      | Reached skill level 1 in Fighting
  1388 | D:2      | Reached skill level 1 in Armour
  1388 | D:2      | Reached XP level 4. HP: 12/25 MP: 7/7
  2449 | D:3      | Killed from afar by an orc wizard

Skill      XL: |  1  2  3  4 |
---------------+-------------+-----
Short Blades   | 1 |  1.9
Dodging        | 2 |  2.3
Fighting       | 1 |  1.2
Armour         | 1 |  1.1
Hexes          | 3 |  3.0
Stealth        | |  3.8
Spellcasting   | |  2.2

Action                   |  1- 3 |  4- 6 || total
-------------------------+-------+-------++-------
Melee: Dagger            |   155 |   100 ||   255
 Cast: Ensorcelled Hiber |       |     3 ||     3
 Stab: Sleeping          |     7 |     1 ||     8
  Eat: Chunk             |     2 |     2 ||     4
Armor: Robe              |    47 |    50 ||    97
Dodge: Dodged            |   113 |    71 ||   184
